 Dungeon Crawl Stone Soup version 0.25.1-4-g9407a263a5 (webtiles) character file.

Game seed: 17984778544363205586

62607 Qrupt the Destroyer (level 15, -4/112 HPs)
             Began as a Human Wanderer on Nov 28, 2020.
             Was a High Priest of Hepliaklqana.
             Slain by a red ugly thing (17 damage)
             ... on level 13 of the Dungeon.
             The game lasted 02:03:59 (41832 turns).

Qrupt the Destroyer (Human Wanderer)               Turns: 41832, Time: 02:04:00

Health: -4/112     AC: 16    Str: 16    XL:     15   Next: 46%
Magic:  27/31      EV: 13    Int: 26    God:    Hepliaklqana [*****.]
Gold:   2088       SH:  0    Dex: 14    Spells: 16/39 levels left

rFire    . . .     SeeInvis +   O - +8 glaive "Hufyjiargh" {vamp, MR+ Str+3 Int+6 SInv}
rCold    . . .     Gourm    .   (shield currently unavailable)
rNeg     . . .     Faith    .   z - +0 acid dragon scales
rPois    +         Spirit   .   q - +0 helmet {Int+3}
rElec    .         Reflect  .   p - +2 cloak
rCorr    +         Harm     .   (no gloves)
MR       ++++.                  F - +0 pair of boots
Stlth    +.........             A - amulet of the acrobat
HPRegen  0.28/turn              w - ring of wizardry
MPRegen  0.22/turn              a - ring of Zoas {*Corrode +Fly rPois MR++ AC+4}

@: no status effects
A: reduced essence
a: Ancestor Life: Knight, Ancestor Life: Battlemage, Ancestor Life: Hexer,
Recall Ancestor, Ancestor Identity, Transference, Idealise, Renounce Religion,
Evoke Flight


You were on level 13 of the Dungeon.
You worshipped Hepliaklqana.
Hepliaklqana was extremely pleased with you.
You were hungry.

You visited 3 branches of the dungeon, and saw 22 of its levels.

You collected 2088 gold pieces.

Inventory:

Hand Weapons
 k - the +5 quarterstaff "Omelette" {pain, +Fly rC+}
   (You found it on level 5 of the Dungeon)

   In the hands of one skilled in necromantic magic, it inflicts extra damage on
   living creatures.
   It protects you from cold.
   It lets you fly.
 N - the cursed +1 falchion "Tyliczes" {antimagic, rPois MR+ Int+3}
   (You found it on level 8 of the Dungeon)

   It reduces the magical energy of the wielder, and disrupts the spells and
   magical abilities of those hit.
   Natural abilities and divine invocations are not affected.
   It affects your intelligence (+3).
   It protects you from poison.
   It affects your resistance to hostile enchantments.
   It has a curse placed upon it.
 O - the +8 glaive "Hufyjiargh" (weapon) {vamp, MR+ Str+3 Int+6 SInv}
   (You found it on level 13 of the Dungeon)

   It inflicts no extra harm, but heals its wielder when it wounds a living foe.
   It affects your strength (+3).
   It affects your intelligence (+6).
   It affects your resistance to hostile enchantments.
   It lets you see invisible.
 S - the cursed +1 war axe of Defence {holy, rN+ MR+ SInv}
   (You found it on level 8 of the Dungeon)

   It has been blessed by the Shining One to cause great damage to the undead
   and demons.
   It protects you from negative energy.
   It affects your resistance to hostile enchantments.
   It lets you see invisible.
   It has a curse placed upon it.
Missiles
 C - 3 throwing nets (quivered)
 G - 6 javelins
Armour
 p - a +2 cloak (worn)
 q - a +0 helmet of intelligence (worn)
 z - +0 acid dragon scales (worn)
 F - a +0 pair of boots (worn)
 I - a scarf of resistance
Jewellery
 a - the ring of Zoas (right hand) {*Corrode +Fly rPois MR++ AC+4}
   (You acquired it on level 3 of the Lair of Beasts)

   [ring of protection]

   It affects your AC (+4).
   It protects you from poison.
   It affects your resistance to hostile enchantments.
   It lets you fly.
   It may corrode you when you take damage.
 i - an uncursed ring of positive energy
 m - an uncursed amulet of guardian spirit
 n - an uncursed ring of resist corrosion
 o - an uncursed ring of protection from cold
 w - a ring of wizardry (left hand)
 A - an amulet of the acrobat (around neck)
Wands
 e - a wand of iceblast (14)
 g - a wand of flame (47)
 B - a wand of digging (14)
 K - a wand of enslavement (6)
 L - a wand of paralysis (3)
 Y - a wand of acid (29)
Scrolls
 d - 4 scrolls of fear
 j - 2 scrolls of immolation
 r - 4 scrolls of enchant armour
 s - 2 scrolls of amnesia
 u - 3 scrolls of blinking
 x - 4 scrolls of magic mapping
 y - 14 scrolls of remove curse
 D - 3 scrolls of fog
 E - 10 scrolls of teleportation
 M - 2 scrolls of silence
 R - 2 scrolls of torment {unknown}
 V - 3 scrolls of enchant weapon
 X - a scroll of brand weapon
Potions
 b - 5 potions of curing
 c - a potion of cancellation
 h - 3 potions of heal wounds
 l - 4 potions of brilliance
 v - a potion of mutation
 J - 2 potions of magic
 U - 5 potions of invisibility
 Z - 3 potions of resistance
Miscellaneous
 H - a box of beasts
 P - a lightning rod (4/4)
 Q - a phial of floods
Comestibles
 f - 27 rations


   Skills:
 + Level 13.7 Fighting
 - Level 2.0 Long Blades
 - Level 5.0 Staves
 + Level 3.6 Armour
 + Level 3.5 Dodging
 - Level 1.0 Stealth
   Level 1.0 Shields
 + Level 12.8 Spellcasting
 + Level 13.7 Conjurations
 - Level 3.0 Hexes
 - Level 1.0 Charms
 - Level 3.0 Summonings
 - Level 3.0 Translocations
 - Level 3.0 Air Magic
 - Level 3.0 Poison Magic


You had 16 spell levels left.
You knew the following spells:

 Your Spells              Type           Power        Failure   Level  Hunger
a - Magic Dart            Conj           ####         0%          1    None
b - Call Imp              Summ           ####....     1%          2    None
c - Blink                 Tloc           N/A          1%          2    None
d - Mephitic Cloud        Conj/Pois/Air  ######..     1%          3    None
e - Swiftness             Chrm/Air       ####....     1%          2    None
f - Spectral Weapon       Hex/Chrm       ####....     2%          3    None
g - Searing Ray           Conj           ######       1%          2    None
h - Iskenderun's Mystic   Conj/Tloc      ######..     1%          4    None
i - Fulminant Prism       Conj/Hex       ######....   1%          4    None

Your spell library contained the following spells:

 Spells                   Type           Power        Failure   Level  Hunger
 Corona                   Hex            ####...      1%          1    None
 Infusion                 Chrm           ###.         1%          1    None
 Sandblast                Erth           ###...       1%          1    None
 Shroud of Golubria       Chrm/Tloc      ####..       1%          2    None
 Slow                     Hex            ####....     1%          2    None
 Song of Slaying          Chrm           ###.....     1%          2    None
 Confusing Touch          Hex            ####....     1%          3    None
 Conjure Flame            Conj/Fire      ######..     1%          3    None
 Dazzling Flash           Conj/Hex       ######       1%          3    None
 Gell's Gravitas          Tloc           ####......   1%          3    None
 Portal Projectile        Hex/Tloc       ####..       1%          3    None
 Inner Flame              Hex/Fire       ###.....     3%          3    None
 Ozocubu's Armour         Chrm/Ice       ###.....     4%          3    None
 Cause Fear               Hex            ####......   6%          4    None
 Leda's Liquefaction      Hex/Erth       ###.......   11%         4    None
 Petrify                  Tmut/Erth      ###.....     19%         4    None
 Metabolic Englaciation   Hex/Ice        ###.......   26%         5    ###....
 Yara's Violent Unravell  Hex/Tmut       ###.......   26%         5    ###....
 Dispersal                Tloc           ####......   61%         6    #####..
 Statue Form              Tmut/Erth      ###......    94%         6    #####..
 Controlled Blink         Tloc           N/A          100%        8    #######
 Disjunction              Tloc           ####......   100%        8    #######


Dungeon Overview and Level Annotations

Branches:
Dungeon (15/15)            Temple (1/1) D:5            Lair (6/6) D:8
 Shoals (0/4) Lair:4       Spider (0/4) Lair:4        Slime (0/5) Lair:6
    Orc (0/2) D:10         Vaults (0/5) D:14
 Depths: D:15

Altars:
Ashenzari
Cheibriados
Dithmenos
Elyvilon
Fedhas
Gozag
Hepliaklqana
Kikubaaqudgha
Makhleb
Nemelex Xobeh
Okawaru
Qazlal
Ru
Trog
Uskayaw
Vehumet
Wu Jian
Xom
Yredelemnul
Zin
The Shining One

Shops:
D:5 *

Annotations:
D:2 1 exclusion
D:8 exclusion: door


Message History

The red ugly thing is heavily wounded.
You finish channeling your searing ray.
The red ugly thing trunk-slaps you.
You are engulfed in flames!!
* * * LOW HITPOINT WARNING * * *
The red ugly thing trunk-slaps you but does no damage.
You slash the red ugly thing!
You feel better.
The red ugly thing is severely wounded.
Your spectral weapon closely misses the red ugly thing.
The red ugly thing trunk-slaps you but does no damage.
You closely miss the red ugly thing.
The red ugly thing is severely wounded.
Your spectral weapon barely misses the red ugly thing.
The red ugly thing trunk-slaps you.
* * * LOW HITPOINT WARNING * * *
You are engulfed in flames!
* * * LOW HITPOINT WARNING * * *
The red ugly thing trunk-slaps you!
* * * LOW HITPOINT WARNING * * *
You are engulfed in flames!
You die...

#.#......########.....#..#.#
#.#....###............#..#.#
####.#..(......#####.....#..#†#
#.........###..# ##.....#..#.#
#..........<#..####.....##..#.#
#.........##.....##.....##..#.#
####.#...........##.....##..#.#
#.#######.....##........<#.#
#.#......(u@..##.....#####.#
#.....###.....##...........#
###.#.# #.....##.....#######
#.#.......................
#.#####.....############## ..#
......# #.# #.... ...# .......#
#.###.### ≈≈≈.. .....####
#.....# u≈u≈.# #.#####


You could see a red ugly thing and a friendly spectral +8 glaive "Hufyjiargh"
{vamp, MR+ Str+3 Int+6 SInv}.

Vanquished Creatures
  Snorg (D:12)
  Erolcha (D:13)
  3 vault guards (D:14)
  Harold (D:7)
  3 catoblepae
  6 hydras
  3 two-headed ogres
  A tengu warrior (D:15)
  A deep elf mage (D:12)
  An ugly thing (D:13)
  2 wolf spiders
  2 cyclopes (D:13)
  2 oklob plants (Lair:5)
  4 black mambas
  7 elephants
  14 spiny frogs
  2 centaur skeletons
  A gargoyle (D:12)
  A rime drake (Lair:4)
  A tengu conjurer (D:15)
  9 komodo dragons
  3 trolls
  2 merfolk (Lair:4)
  A troll (shapeshifter) (D:13)
  19 blink frogs
  7 hornets
  Grinder (D:6)
  3 tyrant leeches (Lair:6)
  A slime creature (D:13)
  4 dream sheep (Lair:2)
  2 hippogriffs
  2 shadows
  A water elemental (D:11)
  13 spriggans (Lair:3)
  4 wyverns
  A basilisk (Lair:4)
  2 wraiths
  25 yaks
  A warg (D:10)
  6 vampire mosquitoes (Lair:6)
  Menkaure (D:7)
  An acid dragon (shapeshifter) (D:14)
  An acid dragon (D:11)
  9 water moccasins
  6 porcupines
  3 orc warriors
  2 sky beasts
  3 phantoms
  3 ogres
  3 boggarts (Lair:3)
  9 centaurs
  11 wolves
  Blork the orc (D:4)
  A big kobold (D:12)
  7 crocodiles
  13 bullfrogs
  A wyvern zombie (D:14)
  2 ancestors
  3 killer bees
  3 wights
  3 electric eels (D:11)
  5 howler monkeys
  6 crimson imps
  2 jellies
  2 bullfrog zombies
  A quasit (D:15)
  6 orc wizards
  5 orc priests
  3 hounds
  3 iguanas
  4 hell rats
  2 worker ants (D:6)
  A hound zombie (D:6)
  A hound skeleton (D:10)
  2 worker ant zombies
  6 gnolls
  7 adders
  A river rat (D:3)
  7 shadow imps
  6 oozes
  An adder zombie (D:5)
  An adder skeleton (D:8)
  A worm (D:1)
  A dart slug (D:3)
  13 leopard geckos
  44 orcs
  3 ball pythons
  10 bats
  6 giant cockroaches
  11 goblins
  10 hobgoblins
  10 jackals
  15 kobolds
  6 quokkas
  7 frilled lizards
  10 rats
  A fulminant prism (Lair:5)
  15 plants
485 creatures vanquished.

Vanquished Creatures (collateral kills)
  3 hydras
  A two-headed ogre (D:8)
  A black mamba (Lair:5)
  An elephant (Lair:4)
  3 spiny frogs
  Maggie (D:7)
  A komodo dragon (D:11)
  2 trolls
  A hornet (Lair:3)
  12 blink frogs
  2 dream sheep (Lair:2)
  2 hippogriffs
  A vampire (D:6)
  A wyvern (Lair:1)
  6 yaks
  A vampire mosquito (D:9)
  A hungry ghost (D:11)
  A warg (D:10)
  4 porcupines
  3 orc warriors
  3 water moccasins
  2 black bears
  2 ice beasts (D:9)
  A sky beast (D:7)
  An eye of draining (D:7)
  A necrophage (D:7)
  A phantom (D:9)
  2 ogres
  A centaur (D:5)
  3 wolves
  2 crocodiles
  19 bullfrogs
  A water moccasin zombie (D:5)
  A scorpion (D:7)
  A wyvern skeleton (D:9)
  3 killer bees (D:9)
  A wight (D:6)
  2 electric eels (Lair:6)
  A bullfrog zombie (D:9)
  A crimson imp (D:4)
  A quasit (D:10)
  3 orc wizards
  2 hounds
  An orc priest (D:4)
  A jelly (D:8)
  2 iguanas
  2 worker ants
  Natasha (thrice) (D:3)
  2 hell rats (Lair:5)
  A gnoll (D:2)
  11 adders
  2 adder skeletons
  6 orcs
  A ball python (D:5)
  A giant cockroach (D:5)
  A hobgoblin (D:2)
  3 jackals
  2 quokkas
  A fungus (Lair:6)
  A plant (Lair:3)
144 creatures vanquished.

Vanquished Creatures (others)
  A spiny frog (Lair:6)
  31 ancestors
  A jackal (D:7)
  32 fulminant prisms
  26 fungi
  48 plants
  15 spectral weapons
154 creatures vanquished.

Grand Total: 783 creatures vanquished

Notes
Turn   | Place    | Note
-------+----------+-------------------------------------------
     0 | D:1      | Qrupt the Human Wanderer began the quest for the Orb.
     0 | D:1      | Qrupt set off with the following items: a +0 dagger, a
                  | potion of curing, a +0 robe, a ration; and the following
                  | spell memorised: Magic Dart; and the following spells
                  | available to memorise: Call Imp, Blink, Slow, Conjure
                  | Flame, Mephitic Cloud
     0 | D:1      | Reached XP level 1. HP: 15/15 MP: 2/2
    82 | D:1      | Reached XP level 2. HP: 8/21 MP: 0/3
   507 | D:1      | Reached skill level 1 in Conjurations
   861 | D:1      | Reached XP level 3. HP: 27/27 MP: 0/5
   914 | D:1      | Learned a level 2 spell: Call Imp
  2829 | D:2      | Reached XP level 4. HP: 30/33 MP: 1/7
  3447 | D:2      | Learned a level 2 spell: Blink
  3653 | D:2      | Reached XP level 5. HP: 39/39 MP: 5/8
  3878 | D:2      | Learned a level 3 spell: Mephitic Cloud
  4841 | D:3      | Reached skill level 1 in Air Magic
  4932 | D:3      | Reached XP level 6. HP: 46/46 MP: 0/10
  4946 | D:3      | Reached skill level 1 in Poison Magic
  5043 | D:3      | Found a hazy altar of Hepliaklqana.
  5293 | D:3      | Found a sacrificial altar of Ru.
  6183 | D:4      | Noticed Natasha
  6190 | D:3      | Killed Natasha
  6216 | D:3      | Noticed Natasha
  6224 | D:3      | Killed Natasha
  6371 | D:3      | Noticed Natasha
  6377 | D:3      | Killed Natasha
  6763 | D:4      | Noticed an orc warrior
  6894 | D:4      | Reached XP level 7. HP: 52/52 MP: 3/11
  7009 | D:4      | Noticed Blork the orc
  7029 | D:4      | Killed Blork the orc
  8317 | D:4      | Found a snail-covered altar of Cheibriados.
  8401 | D:4      | Found a glowing silver altar of Zin.
  8446 | D:5      | Entered Level 5 of the Dungeon
  8548 | D:5      | Found Neonk's Assorted Antiques.
  8715 | D:5      | Reached XP level 8. HP: 53/60 MP: 13/13
  8813 | D:5      | Found a staircase to the Ecumenical Temple.
  8846 | Temple   | Entered the Ecumenical Temple
  9304 | D:3      | Became a worshipper of Hepliaklqana the Forgotten
  9564 | D:5      | Found a burning altar of Makhleb.
  9937 | D:5      | Got an iridescent quarterstaff
 10564 | D:6      | Noticed Grinder
 10584 | D:6      | Killed Grinder
 10697 | D:6      | Reached skill level 5 in Fighting
 10783 | D:6      | Found a blossoming altar of Fedhas.
 10858 | D:6      | Reached skill level 5 in Conjurations
 11258 | D:6      | Reached XP level 9. HP: 28/61 MP: 5/16
 11619 | D:6      | Reached * piety under Hepliaklqana
 11634 | D:6      | Identified the +5 quarterstaff "Omelette" {pain, +Fly rC+}
                  | (You found it on level 5 of the Dungeon)
 11694 | D:7      | Reached skill level 5 in Spellcasting
 12564 | D:7      | Found a glowing golden altar of the Shining One.
 12588 | D:7      | Noticed Harold
 13558 | D:7      | HP: 3/62 [Harold/+0 halberd (17)]
 13563 | D:7      | Killed Harold
 14384 | D:7      | Noticed Menkaure
 14391 | D:7      | Noticed Maggie
 14688 | D:6      | Reached XP level 10. HP: 71/71 MP: 19/19
 14860 | D:7      | Killed Maggie
 15195 | D:7      | Killed Menkaure
 15527 | D:8      | Found a stormy altar of Qazlal.
 15928 | D:8      | Found a staircase to the Lair.
 15928 | D:8      | Noticed a komodo dragon
 16080 | D:8      | HP: 2/72 [poisoned by an orc wizard]
 16400 | D:8      | Found a hazy altar of Hepliaklqana.
 16401 | D:8      | Found a glowing golden altar of the Shining One.
 16401 | D:8      | Found a hazy altar of Hepliaklqana.
 16401 | D:8      | Found a sacrificial altar of Ru.
 16404 | D:8      | Noticed a two-headed ogre
 16423 | D:8      | Killed a two-headed ogre
 16423 | D:8      | Reached skill level 1 in Staves
 16423 | D:8      | Reached skill level 1 in Translocations
 16628 | D:8      | Noticed a four-headed hydra
 17557 | D:8      | Killed a four-headed hydra
 17557 | D:8      | Reached XP level 11. HP: 36/77 MP: 14/22
 18002 | D:8      | Got a faintly glowing falchion
 18009 | D:8      | Identified the Catalogue of the Assistive Rocks
 18287 | D:8      | Reached ** piety under Hepliaklqana
 18521 | D:8      | Got a steaming war axe
 18570 | D:8      | Learned a level 2 spell: Swiftness
 18574 | D:8      | Learned a level 3 spell: Spectral Weapon
 18576 | Lair:1   | Entered Level 1 of the Lair of Beasts
 18676 | Lair:1   | Reached skill level 1 in Hexes
 19924 | Lair:1   | You fall into a shaft and drop 1 floor!
 20725 | Lair:2   | Noticed a five-headed hydra
 20729 | Lair:2   | Killed a five-headed hydra
 21166 | Lair:2   | Noticed a catoblepas
 21180 | Lair:2   | Killed a catoblepas
 21188 | Lair:2   | Reached XP level 12. HP: 61/87 MP: 20/25
 21579 | Lair:2   | Noticed a four-headed hydra
 21587 | Lair:2   | Killed a four-headed hydra
 21587 | Lair:2   | Reached skill level 10 in Fighting
 21587 | Lair:2   | Reached skill level 10 in Conjurations
 21859 | Lair:2   | Reached *** piety under Hepliaklqana
 23062 | Lair:3   | Noticed a four-headed hydra
 23863 | Lair:3   | Learned a level 2 spell: Searing Ray
 23868 | Lair:3   | Learned a level 4 spell: Iskenderun's Mystic Blast
 23880 | Lair:3   | Killed a four-headed hydra
 24088 | Lair:3   | Learned a level 4 spell: Fulminant Prism
 24262 | Lair:3   | Noticed a spriggan rider
 24488 | Lair:3   | Noticed a spriggan rider
 24494 | Lair:3   | Noticed a five-headed hydra
 24631 | Lair:3   | Reached skill level 10 in Spellcasting
 24925 | Lair:3   | Identified 2 scrolls of acquirement
 24926 | Lair:3   | Identified the cursed +1 war axe of Defence {holy, rN+ MR+
                  | SInv} (You found it on level 8 of the Dungeon)
 24927 | Lair:3   | Identified the cursed +1 falchion "Tyliczes" {antimagic,
                  | rPois MR+ Int+3} (You found it on level 8 of the Dungeon)
 24929 | Lair:3   | Acquired the ring of Zoas {*Corrode +Fly rPois MR++ AC+4}
 24930 | Lair:3   | Acquired 520 gold pieces
 24968 | Lair:3   | Reached skill level 5 in Staves
 25094 | Lair:3   | Reached XP level 13. HP: 68/94 MP: 21/27
 25776 | Lair:4   | Noticed a catoblepas
 27529 | Lair:4   | Found a staircase to the Shoals.
 28510 | Lair:4   | Found a hole to the Spider Nest.
 28542 | Lair:4   | Killed a catoblepas
 28797 | Lair:4   | Reached **** piety under Hepliaklqana
 29484 | Lair:5   | Noticed a five-headed hydra
 29492 | Lair:5   | Killed a five-headed hydra
 29756 | Lair:5   | Noticed a six-headed hydra
 29777 | Lair:5   | Killed a six-headed hydra
 30863 | Lair:6   | Entered Level 6 of the Lair of Beasts
 31111 | Lair:5   | Reached XP level 14. HP: 52/103 MP: 19/29
 31937 | Lair:6   | Found a staircase to the Slime Pits.
 35403 | Lair:6   | Got a crystal trident
 35404 | Lair:6   | Identified the cursed +2 trident "Bifiapra" {flame, +Rage
                  | Stlth+} (You found it on level 6 of the Lair of Beasts)
 37036 | D:10     | Entered Level 10 of the Dungeon
 37296 | D:10     | Reached ***** piety under Hepliaklqana
 37366 | D:10     | Reached skill level 1 in Armour
 37366 | D:10     | Reached skill level 1 in Dodging
 37841 | D:10     | Found a staircase to the Orcish Mines.
 37961 | D:10     | You fall into a shaft and drop 3 floors!
 38006 | D:13     | Noticed Erolcha
 38027 | D:13     | Killed Erolcha
 38027 | D:13     | Reached XP level 15. HP: 25/111 MP: 23/31
 40729 | D:12     | Noticed Snorg
 40740 | D:12     | Killed Snorg
 40809 | D:12     | You fall into a shaft and drop 3 floors!
 40809 | D:15     | Entered Level 15 of the Dungeon
 41370 | D:14     | Found a gate to the Vaults.
 41531 | D:13     | Got an ancient glaive
 41532 | D:13     | Identified the +8 glaive "Hufyjiargh" {vamp, MR+ Str+3
                  | Int+6 SInv} (You found it on level 13 of the Dungeon)
 41832 | D:13     | Slain by a red ugly thing

Illustrated notes

Levels and vault maps discovered:
D:1:      dpeg_arrival_shrine, layout_basic, minivault_27
D:2:      layout_basic, first_ration, kennysheep_decorative_pillar
D:3:      layout_loops_cross, old_standard_altar, nicolae_ru_awakened_eye,
          portal_sewer_entry_b
D:4:      layout_rooms, marbit_many_paths, nicolae_overflow_hidden_temple,
          minmay_misc_feat_alley, uniq_natasha, uniq_blork_the_orc
D:5:      layout_cave_pools, lightli_temple_of_fire,
          minmay_temple_entry_poolview, serial_shops, nicolae_shop_statue_plus,
          lemuel_old_faithful
D:6:      layout_basic, lemuel_crystal_altar, minmay_stone_trees_small,
          minmay_pentangle, uniq_grinder
D:7:      layout_gridville, basic_altar, grunt_ogre_cave, serial_park_tiny_2,
          uniq_harold, uniq_maggie, uniq_menkaure
D:8:      minmay_the_grid_octo_tiled_squarecenter
          [minmay_the_grid_octo_checkered, minmay_the_grid_octo_shrine,
          minmay_the_grid_octo_odd_swirl, minmay_the_grid_octo_tetromino_candy,
          minmay_the_grid_square_5x5_megaprize_diamond,
          minmay_the_grid_square_5x5_three, minmay_the_grid_square_5x5_percent,
          minmay_the_grid_square_5x5_v, minmay_the_grid_square_5x5_minivault],
          layout_gridville, nicolae_qazlal_eye_of_the_storm, david_lair_shrubbed
D:9:      layout_cross
D:10:     layout_roguey, erik_orc_4
D:11:     layout_basic
D:12:     layout_long_grid, uniq_snorg
D:13:     layout_basic, uniq_erolcha
D:14:     layout_loops_ring, erik_vaults_2, chequers_jeans, uniq_josephine
D:15:     hangedman_depths_entry_try_elsewhere_first, layout_basic,
          minmay_misc_feat_tiny
Temple:   minmay_temple_curvy_branch
Lair:1:   layout_misc_corridors, beast_lair_carwin_2
Lair:2:   layout_layer_cave, beast_lair_carwin_9, lemuel_fruit_tree,
          serial_bayou_shore_b
Lair:3:   kb_forest_paths, layout_chaotic_city, wad_woods_03
Lair:4:   minmay_lair_venomous_thicket, layout_gridlike,
          elwin_shoals_entry_rooms, spider_nest_entry_web_field,
          lemuel_fruit_fields
Lair:5:   dpeg_oklob_gauntlet, layout_regular_city
Lair:6:   minmay_lair_end_frog_pond, layout_long_grid,
          nicolae_slime_entry_slimehenge

Skill      XL: |  1  2  3  4  5  6  7  8  9 10 11 12 13 14 15 |
---------------+----------------------------------------------+-----
Conjurations   | 1 2 3 5 7 8 9 10 12 13 | 13.7
Fighting       | 2 3 4 5 7 8 9 10 12 13 | 13.7
Spellcasting   | 2 3 4 6 7 9 10 11 12 | 12.8
Air Magic      | 1 2 3 |  3.0
Poison Magic   | 1 2 3 |  3.0
Staves         | 3 5 |  5.0
Translocations | 3 |  3.0
Hexes          | 3 |  3.0
Armour         | 1 3 |  3.6
Dodging        | 1 3 |  3.5
Long Blades    | |  2.0
Stealth        | |  1.0
Shields        | |  1.0
Charms         | |  1.0
Summonings     | |  3.0

Action                   |  1- 3 |  4- 6 |  7- 9 | 10-12 | 13-15 || total
-------------------------+-------+-------+-------+-------+-------++-------
Melee: Dagger            |    67 |       |       |       |       ||    67
       Trident           |    15 |   199 |   304 |       |       ||   518
       Quarterstaff      |       |       |   100 |   318 |   574 ||   992
       Glaive            |       |       |       |       |    18 ||    18
Throw: Throwing net      |       |     1 |     3 |       |       ||     4
 Cast: Magic Dart        |    87 |   129 |   141 |    19 |    50 ||   426
       Call Imp          |     3 |    15 |    69 |    88 |    41 ||   216
       Mephitic Cloud    |       |     2 |    10 |     3 |    11 ||    26
       Spectral Weapon   |       |       |       |    24 |    31 ||    55
       Searing Ray       |       |       |       |    21 |   182 ||   203
       Fulminant Prism   |       |       |       |     2 |    31 ||    33
Invok: Recall Ancestor   |       |       |     1 |       |       ||     1
Evoke: Wand              |       |       |     4 |       |       ||     4
  Use: Scroll            |       |     8 |    11 |     6 |    16 ||    41
       Potion            |       |       |     9 |     2 |       ||    11
 Stab: Sleeping          |     1 |     2 |     1 |     1 |       ||     5
       Distracted        |       |     1 |     1 |     4 |     2 ||     8
       Confused          |       |     4 |     1 |     5 |     8 ||    18
       Held in net/web   |       |       |     1 |       |       ||     1
  Eat: Chunk             |     9 |    16 |    12 |    24 |    33 ||    94
       Ration            |       |       |     5 |     2 |     6 ||    13
Armor: Robe              |    19 |    72 |   203 |       |       ||   294
       Skin              |       |       |    17 |       |       ||    17
       Acid dragon scale |       |       |       |   218 |   478 ||   696
Dodge: Dodged            |    50 |   177 |   342 |   325 |   900 ||  1794
